 Dungeon Crawl Stone Soup version 0.29.1-1-gd02db6906a (webtiles) character file.

Game seed: 2494545392701803357

259 GigaChad the Trooper (level 5, -3/52 HPs)
             Began as a Minotaur Fighter on Sept 30, 2022.
             Slain by a necrophage (4 damage)
             ... on level 5 of the Dungeon.
             The game lasted 00:03:49 (2319 turns).

GigaChad the Trooper (Minotaur Fighter)             Turns: 2319, Time: 00:03:49

Health: -3/52      AC: 12    Str: 23    XL:     5   Next: 94%
Magic:  4/4        EV:  5    Int:  5    God:
Gold:   83         SH:  8    Dex:  9    Spells: 4/4 levels left

rFire   . . .      SeeInvis .   a - +0 long sword
rCold   . . .      Faith    .   p - +0 kite shield
rNeg    . . .      Spirit   .   m - +0 plate armour
rPois   .          Reflect  .   (helmet restricted)
rElec   .          Harm     .   (no cloak)
rCorr   .          Rampage  .   (no gloves)
Will    .....                   (no boots)
Stlth   ..........              (no amulet)
HPRegen 0.17/turn               (no ring)
MPRegen 0.09/turn               (no ring)

@: no status effects
A: horns 2, retaliatory headbutt
a: no special abilities


You were on level 5 of the Dungeon.
You visited 1 branch of the dungeon, and saw 4 of its levels.

You collected 83 gold pieces.

Inventory:

Hand Weapons
 a - a +0 long sword (weapon)
Missiles
 j - 4 poisoned darts (quivered)
Armour
 b - a +0 scale mail
 c - a +0 buckler
 m - a +0 plate armour (worn)
 p - a +0 kite shield (worn)
Jewellery
 k - a ring of positive energy
Scrolls
 f - 2 scrolls of amnesia
 l - a scroll of identify {unknown}
 n - 2 scrolls of blinking {unknown}
 o - a scroll of immolation
Potions
 d - a potion of might
 e - 2 potions of brilliance {unknown}
 g - a potion of lignification {unknown}
 h - a potion of curing {unknown}
 i - a potion of haste {unknown}


   Skills:
 - Level 7.2 Fighting
 - Level 2.5 Long Blades
 + Level 4.8 Armour
 - Level 3.8 Shields


You had 4 spell levels left.
You didn't know any spells.
Your spell library contained the following spells:

 Spells                   Type           Power      Damage    Failure   Level
 Inner Flame              Hex/Fire       0%         N/A       100%        3
 Cause Fear               Hex            0%         N/A       100%        4
 Discord                  Hex            0%         N/A       100%        8


Dungeon Overview and Level Annotations

Branches:
Dungeon (5/15)
 Temple: D:4-7

Altars:
Uskayaw


Innate Abilities, Weirdness & Mutations

You have a pair of horns on your head.
You reflexively headbutt those who attack you in melee.


Message History

The ufetubus hits you but does no damage. x2
The necrophage hits you but does no damage.
The ufetubus hits you but does no damage.
The ufetubus hits you.
* * * LOW HITPOINT WARNING * * *
The necrophage barely misses you. You furiously retaliate!
You headbutt the necrophage!
The necrophage attacks as you move away!
The necrophage hits you but does no damage.
The ufetubus hits you but does no damage.
The ufetubus hits you.
* * * LOW HITPOINT WARNING * * *
You hit the ufetubus. Your headbutt misses the ufetubus.
The ufetubus is severely wounded.
The sentinel's mark upon you fades away.
You block the ufetubus's attack. The ufetubus barely misses you.
The ufetubus hits you but does no damage. x2
You barely miss the ufetubus.
The ufetubus is severely wounded.
You block the ufetubus's attack. x2; The necrophage hits you.
* * * LOW HITPOINT WARNING * * *
The ufetubus closely misses you.
The ufetubus hits you but does no damage.
You hit the ufetubus but do no damage.
The ufetubus is severely wounded.
The ufetubus barely misses you. The ufetubus closely misses you.
You block the ufetubus's attack. The ufetubus hits you.
* * * LOW HITPOINT WARNING * * *
The necrophage hits you but does no damage.
You miss the ufetubus. Your headbutt misses the ufetubus.
The ufetubus is severely wounded.
The ufetubus hits you.
* * * LOW HITPOINT WARNING * * *
You block the ufetubus's attack. The necrophage hits you.
* * * LOW HITPOINT WARNING * * *
The ufetubus hits you but does no damage.
You block the ufetubus's attack.
The necrophage hits you but does no damage.
The necrophage hits you.
You die...

#.PP...P.....
#...PP.P...##
.
#..PPP.....#..
#............
#†#........
##.........>
#.....#.#...
#..n5##....
#..n@#.....
##..........
#....#..#...
###<.#### ####


You could see 2 necrophages and an ufetubus.

Vanquished Creatures
  A black bear (D:4)
  A hound (D:5)
  2 iguanas
  3 gnolls (D:4)
  An adder (D:4)
  2 ufetubi (D:4)
  An orc (D:4)
  3 ball pythons
  3 endoplasms
  A giant cockroach (D:1)
  7 goblins
  6 hobgoblins (D:1)
  2 kobolds (D:1)
  2 quokkas (D:1)
  2 bats (D:1)
  3 frilled lizards (D:1)
  A rat (D:1)
41 creatures vanquished.

Vanquished Creatures (others)
  A plant (D:1)
1 creature vanquished.

Grand Total: 42 creatures vanquished

Notes
Turn   | Place    | Note
-------+----------+-------------------------------------------
     0 | D:1      | GigaChad the Minotaur Fighter began the quest for the Orb.
     0 | D:1      | Reached XP level 1. HP: 19/19 MP: 0/0
   444 | D:1      | Reached XP level 2. HP: 27/27 MP: 1/1
   496 | D:1      | Reached skill level 4 in Fighting
   808 | D:1      | Reached XP level 3. HP: 33/34 MP: 2/2
  1060 | D:2      | You fall into a shaft and drop 2 floors!
  1060 | D:4      | Found a hide-covered altar of Uskayaw.
  1167 | D:4      | Noticed a black bear
  1175 | D:4      | Reached skill level 5 in Fighting
  1180 | D:4      | Killed a black bear
  1181 | D:4      | Reached skill level 6 in Fighting
  1181 | D:4      | Reached XP level 4. HP: 33/45 MP: 3/3
  1556 | D:4      | Reached XP level 5. HP: 49/51 MP: 4/4
  1586 | D:4      | Reached skill level 7 in Fighting
  2287 | D:5      | Entered Level 5 of the Dungeon
  2319 | D:5      | HP: 2/52 [ufetubus (1)]
  2319 | D:5      | Slain by a necrophage

Illustrated notes

Levels and vault maps discovered:
D:1:      sevenhm_arrival_forest_fort_small_4, layout_basic, serial_forest,
          infiniplex_forest_straight_2, infiniplex_forest_clump_curved,
          infiniplex_forest_clump_large, infiniplex_forest_end_1
D:2:      minmay_chambers_of_twos, layout_basic,
          dreamdust_ecumenical_altar_hidden_monk_grotto, grunt_decor_cap
D:4:      layout_basic, nicolae_uskayaw_dance_hall
D:5:      layout_cave_pools, minmay_temple_entry_mini_moons,
          corexii_item_surrounded_by_moat, kennysheep_diamond,
          dreamdust_mushroom_princess

Skill      XL: |  1  2  3  4  5 |
---------------+----------------+-----
Fighting       | 4 6 7 |  7.2
Armour         | 4 |  4.8
Long Blades    | |  2.5
Shields        | |  3.8

Action                   |  1- 3 |  4- 6 || total
-------------------------+-------+-------++-------
Melee: Long sword        |    72 |    47 ||   119
       Headbutt          |    10 |     3 ||    13
  Use: Scroll            |     1 |     1 ||     2
Armor: Scale mail        |    30 |       ||    30
       Plate armour      |    14 |    50 ||    64
Dodge: Dodged            |    30 |    22 ||    52
Block: Buckler           |    23 |    11 ||    34
       Kite shield       |       |    15 ||    15
